 Dungeon Crawl Stone Soup version 0.28.0 (webtiles) character file.

Game seed: 6878739379492365357

74 GrayStillPlays the Ogre Mage (level 4, -4/44 HPs)
             Began as an Ogre Transmuter on Feb 9, 2022.
             Slain by a gnoll (5 damage)
             ... on level 3 of the Dungeon.
             The game lasted 00:05:09 (2731 turns).

GrayStillPlays the Ogre Mage (Ogre Transmuter)      Turns: 2731, Time: 00:05:09

Health: -4/44      AC:  3    Str: 14    XL:     4   Next: 28%
Magic:  6/8        EV: 10    Int: 16    God:
Gold:   107        SH:  0    Dex:  9    Spells: 3/9 levels left

rFire   . . .      SeeInvis .   e - +0 dagger {short}
rCold   . . .      Faith    .   (no shield)
rNeg    . . .      Spirit   .   a - +0 robe
rPois   .          Reflect  .   (helmet currently unavailable)
rElec   .          Harm     .   (no cloak)
rCorr   .          Rampage  .   (gloves unavailable)
Will    .....                   (boots unavailable)
Stlth   +.........              (no amulet)
HPRegen 0.14/turn               (no ring)
MPRegen 0.11/turn               (no ring)

@: appendages
A: horns 2, talons 2, large, unfitting armour, tough skin 1
a: End Transformation


You were on level 3 of the Dungeon.
You had temporarily grown beastly horns and talons.
You visited 1 branch of the dungeon, and saw 3 of its levels.

You collected 107 gold pieces.


Innate Abilities, Weirdness & Mutations

You have temporarily grown beastly horns and talons.
You are too large for most types of armour.
You have tough skin. (AC +1)


   Skills:
 + Level 2.6 Fighting
 + Level 2.3 Dodging
 - Level 3.0 Unarmed Combat
 - Level 3.1 Spellcasting
 + Level 0.6 Summonings
 - Level 2.3 Transmutations
 + Level 0.0 Ice Magic


You had 3 spell levels left.
You knew the following spells:

 Your Spells              Type           Power      Damage    Failure   Level
a - Beastly Appendage     Tmut           18%        N/A       8%          1
b - Summon Small Mammal   Summ           16%        N/A       14%         1
c - Ice Form              Ice/Tmut       6%         N/A       75%         4

Your spell library contained the following spells:

 Spells                   Type           Power      Damage    Failure   Level
 Wereblood                Tmut           9%         N/A       11%         2
 Animate Skeleton         Necr           4%         N/A       19%         1
 Apportation              Tloc           4%         N/A       19%         1
 Spider Form              Tmut/Pois      6%         N/A       34%         3
 Summon Ice Beast         Ice/Summ       3%         N/A       85%         4
 Summon Mana Viper        Hex/Summ       3%         N/A       99%         5
 Monstrous Menagerie      Summ           2%         N/A       100%        7

Inventory:

Hand Weapons
 e - a +0 dagger (weapon) {short}
   (You took it off a goblin on level 1 of the Dungeon)
Missiles
 f - 109 stones {throwing}
 g - 37 sling bullets
 j - 57 bolts
 l - 16 arrows
Armour
 a - a +0 robe (worn)
Jewellery
 h - an amulet of faith {!P}
   (You found it on level 1 of the Dungeon)
Scrolls
 b - a scroll of fog {unknown}
 d - a scroll of amnesia {unknown}
 i - a scroll of identify {unknown}
 k - a scroll of enchant armour {unknown}
Potions
 c - 2 potions of heal wounds {unknown}
 m - a potion of brilliance {unknown}
 n - a potion of experience {unknown}

Dungeon Overview and Level Annotations

Branches:
Dungeon (3/15)

Altars:

#.......#.##.#
#............#
#..#..)#)!##.#
...........#.#
#............#
##.#..##...###
#.........# #.......#g#
###.....#@# .........g#
#.# #####..g### ..#
#...###### #.#
#.....[..#
#.#######...####.###
####..................#
#.....................#
#.#>..............<...#


You could see 2 gnolls and a hobgoblin.


Message History

You kill the giant cockroach!
Your transformation is almost over.
Your horns disappear.
Your talons disappear.
A kobold comes into view. It is wielding a +0 club.
The kobold shouts! 😎 MP[+1]
Your mp is fully restored (8).
You grow a pair of large bovine horns.
Your feet morph into talons. 😎 MP[-1]
You lost 1 mp, and now have 7/8 mp.
The kobold barely misses you.
An orc comes into view. It is wielding a +0 flail.
You barely miss the kobold.
The orc shouts!
Your kick misses the kobold. Your headbutt misses the kobold.
The kobold barely misses you.
You barely miss the kobold. You claw the kobold, but do no damage.
You headbutt the kobold, but do no damage.
The kobold hits you with a +0 club. 😕 HP[-2]
You take 2 damage, and now have 42/44 hp.
You hit the orc. Your kick misses the orc. The kobold hits you with a +0 club.
The orc closely misses you. 😕 HP[-4]
You take 4 damage, and now have 38/44 hp.
You hit the orc.
Your transformation is almost over.
The kobold hits you with a +0 club. The orc barely misses you. 😕 HP[-3]
You take 3 damage, and now have 35/44 hp.
You hit the kobold. Your kick misses the kobold.
The kobold hits you but does no damage.
A hobgoblin comes into view.
The orc barely misses you. 😕 MP[+1]
Your mp is fully restored (8).
The hobgoblin shouts!
You hit the kobold.
You kill the kobold!
The orc closely misses you.
You closely miss the orc. Your kick misses the orc. The orc closely misses you.
You hit the orc.
You kill the orc!
Found an escape hatch in the ceiling. 😕 HP[+1]
A gnoll comes into view. It is wielding a +0 flail.
The gnoll shouts!
A gnoll comes into view. It is wielding a +0 halberd.
Your horns disappear.
Your talons disappear.
Casting: Beastly Appendage (safe; 8% risk of failure)
Confirm with . or Enter, or press ? or * to list all spells.
😕 MP[-1]
You lost 1 mp, and now have 7/8 mp.
You swap places.
The gnoll hits you with a +0 flail!
The hobgoblin hits you but does no damage.
Your rat bites the gnoll. 😮 HP[-10]
You take 10 damage, and now have 26/44 hp.
MASSIVE DAMAGE!! (PAUSE)
You are too injured to fight recklessly!
Unknown command.
Casting: Summon Small Mammal (safe; 14% risk of failure)
Confirm with . or Enter, or press ? or * to list all spells.
You grow a pair of large bovine horns.
Your feet morph into talons.
The gnoll hits you with a +0 flail.
A gnoll comes into view. It is wielding a +0 whip.
The hobgoblin barely misses you.
Your rat closely misses the gnoll. 😮 HP[-2] MP[-1]
You take 2 damage, and now have 24/44 hp.
You lost 1 mp, and now have 6/8 mp.
You closely miss the hobgoblin. Your headbutt misses the hobgoblin.
The gnoll hits you with a +0 flail!
* * * LOW HITPOINT WARNING * * *
The gnoll hits you from afar with a +0 halberd!
* * * LOW HITPOINT WARNING * * *
The hobgoblin hits you.
* * * LOW HITPOINT WARNING * * *
Your rat bites the gnoll. 😱 HP[-19]
You take 19 damage, and now have 5/44 hp.
MASSIVE DAMAGE!! (PAUSE)
You barely miss the hobgoblin. Your kick misses the hobgoblin.
The gnoll hits your rat with a +0 flail.
Your rat dies!
Your rat's corpse disappears in a puff of smoke!
The gnoll closely misses you. The hobgoblin misses you.
A gnoll comes into view. It is wielding a +0 spear.
You closely miss the hobgoblin.
The gnoll shouts!
Your kick misses the hobgoblin.
You headbutt the hobgoblin, but do no damage.
The gnoll hits you from afar with a +0 halberd.
* * * LOW HITPOINT WARNING * * *
The hobgoblin barely misses you. 😱 HP[-4]
You take 4 damage, and now have 1/44 hp.
You hit the hobgoblin but do no damage. Your kick misses the hobgoblin.
Your headbutt misses the hobgoblin. Your punch misses the hobgoblin.
The gnoll hits you with a +0 flail.
You die...

Skill      XL: |  1  2  3 |
---------------+----------+-----
Dodging        | 2 |  2.3
Transmutations | 2 |  2.3
Fighting       | 2 |  2.6
Unarmed Combat | 3 |  3.0
Spellcasting   | 3 |  3.1
Summonings     | |  0.6

Action                   |  1- 3 |  4- 6 || total
-------------------------+-------+-------++-------
Melee: Unarmed           |    25 |       ||    25
       Kick              |    21 |    13 ||    34
       Dagger            |   112 |    45 ||   157
       Headbutt          |     8 |     6 ||    14
       Punch             |     4 |     2 ||     6
 Cast: Beastly Appendage |    22 |    14 ||    36
       Summon Small Mamm |       |     1 ||     1
Armor: Robe              |    47 |    22 ||    69
Dodge: Dodged            |    93 |    28 ||   121

Levels and vault maps discovered:
D:1:      ebering_trefoil_3fold, layout_basic,
          shapermc_ecumenical_altar_mp_highgroup, st_stairs_13,
          minmay_pentomino_o4
D:2:      layout_basic, kennysheep_flooded_box
D:3:      layout_loops_cross

Notes
Turn   | Place    | Note
-------+----------+-------------------------------------------
     0 | D:1      | GrayStillPlays the Ogre Transmuter began the quest for the
                  | Orb.
     0 | D:1      | Reached XP level 1. HP: 19/19 MP: 3/3
     0 | D:1      | magus.rc [v1.9.6]
   131 | D:1      | Reached XP level 2. HP: 19/28 MP: 2/5
   137 | D:1      | HP: 6/28 [frozen (4)]
   138 | D:1      | Reached skill level 2 in Dodging
   138 | D:1      | Reached skill level 2 in Transmutations
   138 | D:1      | HP: 2/28 [frozen (4)]
   548 | D:1      | Reached skill level 2 in Fighting
   797 | D:1      | Reached XP level 3. HP: 32/35 MP: 5/7
  1134 | D:1      | Found a faded altar of an unknown god.
  1196 | D:1      | Reached skill level 3 in Unarmed Combat
  1300 | D:1      | You pick up a book of Cantrips and begin reading...
  1300 | D:1      | You add the spells Animate Skeleton, Summon Small Mammal
                  | and Apportation to your library.
  1387 | D:1      | Learned a level 1 spell: Summon Small Mammal
  1914 | D:2      | Reached skill level 3 in Spellcasting
  2027 | D:2      | Reached XP level 4. HP: 44/44 MP: 6/8
  2163 | D:2      | You pick up a book of Beasts and begin reading...
  2163 | D:2      | You add the spells Summon Ice Beast, Summon Mana Viper and
                  | Monstrous Menagerie to your library.
  2639 | D:2      | Learned a level 4 spell: Ice Form
  2728 | D:3      | HP: 6/44 [gnoll (11)]
  2730 | D:3      | HP: 1/44 [gnoll (4)]
  2731 | D:3      | Slain by a gnoll

Vanquished Creatures
  An adder (D:2)
  3 dart slugs
  An orc (D:3)
  2 ball pythons
  8 endoplasms
  2 giant cockroaches
  7 goblins
  3 hobgoblins
  5 jackals
  6 kobolds
  3 quokkas
  5 bats
  2 frilled lizards (D:1)
  3 rats
51 creatures vanquished.

Table legend:
 A = Non-vault XP
 B = Vault XP
 C = Vault XP percentage of total XP
 D = Non-vault monster count
 E = Vault monster count
 F = Vault count percentage of total count
                 A         B        C        D         E       F
            +---------+---------+-------+---------+---------+-------
      Total |      95 |      11 |  10.4 |      45 |       6 |  11.8
            +---------+---------+-------+---------+---------+-------
        D:1 |      41 |      11 |  21.2 |      23 |       6 |  20.7
        D:2 |      48 |       0 |   0.0 |      19 |       0 |   0.0
        D:3 |       6 |       0 |   0.0 |       3 |       0 |   0.0
            +---------+---------+-------+---------+---------+-------

Illustrated notes

Table legend:
 A = Kills in this place as a percentage of kills in entire the game.
 B = Kills by you in this place as a percentage of kills by you in the entire game.
 C = Kills by friends in this place as a percentage of kills by friends in the entire game.
 D = Other kills in this place as a percentage of other kills in the entire game.
 E = Experience gained in this place as a percentage of experience gained in the entire game.
 F = Experience gained in this place divided by the number of levels of this place that you have seen.
                   A       B       C       D       E      F
               +-------+-------+-------+-------+-------+----------------------
         Total | 100.0 | 100.0 |   N/A |   N/A | 100.0 |  35.3
       Dungeon | 100.0 | 100.0 |   N/A |   N/A | 100.0 |  35.3
               +-------+-------+-------+-------+-------+----------------------

Table legend: (Time is in decaauts)
 A = Elapsed time spent in this place.
 B = Non-inter-level travel time spent in this place.
 C = Inter-level travel time spent in this place.
 D = Time resting spent in this place.
 E = Time spent auto-exploring this place.
 F = Levels seen in this place.
 G = Mean time per level.
                   A        B        C        D        E       F      G
               +--------+--------+--------+--------+--------+-----+--------+
         Total |   2728 |   2616 |    112 |    260 |   1940 |   3 |  909.3 |
       Dungeon |   2728 |   2616 |    112 |    260 |   1940 |   3 |  909.3 |
               +--------+--------+--------+--------+--------+-----+--------+

Top non-repeatable levels by time:
     D:1: 1721 daAuts
     D:2: 916 daAuts
     D:3: 90 daAuts
